Map: Rainfall LE

Players

Krystianer - Winner!

  • Race: Protoss Protoss
  • League: Grandmaster
  • Spawn Location: 5:00

Jumy (ForJumy)

  • Race: Protoss Protoss
  • League: Master
  • Spawn Location: 11:00

Event: HomeStory Cup XXIX

VOD

Have the link to the VOD?

Description

Time

  • Played on: July 3, 2026, 6:27 a.m.
  • Length: 7:21

All games in this series

Show
View Real Time Build Order
Export as new Build Order

Krystianer Protoss - Winner!

Build Orders:  

Get SALT Encoding   

  8  0:00  Probe  
  9  0:12  Probe (Chrono Boost)  
  11  0:22  Probe (Chrono Boost)  
  11  0:27  Probe (Chrono Boost)  
  11  0:32  Pylon  
  12  0:38  Probe  
  13  0:50  Probe  
  13  0:54  Gateway  
  14  1:03  Probe  
  15  1:04  Assimilator  
  15  1:15  Probe  
  16  1:27  Probe  
  17  1:34  Gateway  
  17  1:37  Assimilator  
  18  1:48  Cybernetics Core  
  18  1:49  Pylon  
  17  1:57  Zealot  
  19  2:08  Probe  
  20  2:20  Probe, Adept (Chrono Boost)  
  20  2:21  Adept (Chrono Boost)  
  23  2:30  Shield Battery  
  24  2:42  Gateway  
  23  2:49  Pylon  
  23  2:52  Adept  
  23  2:56  Probe  
  26  3:04  Gateway  
  26  3:11  Shield Battery  
  26  3:16  Probe  
  27  3:24  Pylon  
  27  3:25  Sentry  
  29  3:29  Pylon  
  29  3:42  Adept, Probe  
  32  3:58  Robotics Facility  
  32  4:00  Probe, Gateway  
  33  4:08  Stalker  
  34  4:11  Pylon  
  34  4:12  Probe  
  34  4:25  Warp Gate  
  34  4:30  Probe  
  35  4:32  Pylon  
  35  4:45  Probe  
  36  4:49  Immortal (Chrono Boost)  
  36  4:52  Pylon  
  40  4:53  Sentry  
  42  5:00  Probe  
  43  5:15  Probe  
  43  5:18  Warp Prism (Chrono Boost)  
  43  5:21  Sentry  
  48  5:24  Stalker  
  50  5:30  Pylon  
  50  5:32  Immortal (Chrono Boost)  
  50  5:46  Probe  
  50  5:47  Immortal  
  51  6:01  Pylon  
  51  6:04  Probe  
  48  6:16  Probe  
  48  6:18  Stalker x2  
  53  6:21  Stalker  
  55  6:34  Pylon  
  55  6:37  Immortal (Chrono Boost)  
  59  6:56  Adept x3  
  59  6:59  Probe  
Show
View Real Time Build Order
Export as new Build Order

Jumy Protoss 

Build Orders:  

Get SALT Encoding   

  8  0:00  Probe  
  9  0:12  Probe  
  10  0:24  Probe  
  11  0:36  Probe  
  11  0:41  Pylon  
  12  0:59  Gateway  
  12  1:06  Gateway  
  12  1:09  Probe  
  13  1:23  Probe  
  14  1:26  Assimilator  
  14  1:36  Probe  
  15  1:47  Zealot (Chrono Boost)  
  19  1:55  Cybernetics Core  
  19  1:57  Zealot (Chrono Boost)  
  19  2:07  Zealot (Chrono Boost)  
  21  2:17  Pylon  
  21  2:35  Probe  
  22  2:46  Adept (Chrono Boost)  
  22  2:48  Probe  
  27  2:56  Adept (Chrono Boost)  
  25  3:00  Probe, Assimilator  
  25  3:02  Pylon  
  26  3:12  Probe  
  27  3:13  Stalker  
  27  3:16  Pylon  
  29  3:24  Probe  
  29  3:25  Pylon  
  28  3:35  Gateway  
  28  3:36  Probe  
  28  3:39  Warp Gate  
  29  3:55  Stalker (Chrono Boost)  
  29  3:56  Stalker (Chrono Boost)  
  29  4:02  Probe  
  30  4:19  Stalker (Chrono Boost)  
  30  4:22  Stalker (Chrono Boost)  
  32  4:34  Gateway  
  32  4:37  Probe  
  33  4:44  Stalker  
  35  4:56  Twilight Council  
  37  5:00  Sentry  
  37  5:07  Pylon  
  39  5:22  Pylon  
  39  5:24  Stalker  
  39  5:29  Pylon  
  39  5:32  Sentry  
  31  5:57  Probe  
  31  6:00  Stalker  
  33  6:09  Probe  
  34  6:21  Probe  
  35  6:26  Stalker  
  37  6:34  Probe  
  38  6:46  Probe (Chrono Boost)  
  39  7:00  Probe (Chrono Boost)  
  40  7:06  Probe (Chrono Boost)  
Tags
 
Add a new tag
Caveats
  • Supply blocks, unpowered buildings, or Contaminate may cause inaccurate times.
  • Supply counts are checked every 10 seconds.